Map: Ulrena

Players

pupu

  • Race: Zerg Zerg
  • League: Silver

IA (élite) - Winner!

  • Race: Zerg Zerg

VOD

Have the link to the VOD?

Description

Time

  • Played on: April 2, 2016, 2:24 p.m.
  • Length: 15:31
Show
View Real Time Build Order
Export as new Build Order

pupu Zerg 

Build Orders: Pool First 

Get SALT Encoding   

  12  0:07  Drone  
  12  0:09  Drone  
  14  0:17  Overlord  
  14  0:38  Spawning Pool  
  14  0:40  Drone  
  14  0:43  Drone  
  14  0:49  Drone  
  16  0:55  Drone  
  17  1:02  Extractor  
  17  1:04  Drone  
  17  1:15  Drone  
  18  1:30  Zergling x2  
  19  1:45  Drone  
  19  1:46  Hatchery  
  19  1:49  Overlord  
  19  2:00  Queen  
  21  2:03  Zergling x2  
  22  2:13  Zergling x2  
  23  2:22  Drone  
  24  2:33  Zergling x2  
  25  2:45  Zergling x2  
  25  2:51  Overlord  
  26  2:54  Metabolic Boost  
  26  3:03  Drone x2  
  26  3:10  Queen  
  26  3:11  Queen  
  30  3:14  Drone x2  
  30  3:19  Extractor  
  29  3:34  Roach Warren  
  29  3:35  Drone x2  
  29  3:38  Zergling x2  
  29  3:39  Zergling x6  
  34  3:44  Drone  
  35  4:03  Zergling x6  
  38  4:20  Roach x3  
  38  4:24  Overlord x4  
  44  4:44  Zergling x6  
  47  4:46  Roach  
  49  4:53  Drone  
  49  4:54  Drone  
  51  5:08  Lair  
  51  5:12  Roach x4  
  59  5:23  Drone x2  
  61  5:39  Evolution Chamber  
  61  5:42  Evolution Chamber  
  59  5:43  Drone x3  
  59  5:44  Drone x2  
  59  5:45  Drone x2  
  66  5:52  Extractor  
  66  5:53  Roach x5  
  75  6:14  Overlord x3  
  75  6:15  Overlord  
  75  6:27  Drone  
  75  6:29  Hatchery, Drone  
  76  6:34  Overlord  
  76  6:50  Ravager  
  70  7:00  Ravager x3  
  73  7:04  Roach x5  
  83  7:22  Zerg Missile Weapons Level 1, Zerg Melee Weapons Level 1  
  83  7:30  Hydralisk Den  
  83  7:31  Drone x4  
  83  7:32  Drone x2  
  88  7:38  Glial Reconstitution  
  90  7:44  Roach x4  
  96  7:52  Roach x2  
  96  7:53  Roach  
  96  7:57  Roach  
  104  8:07  Drone  
  104  8:08  Extractor, Drone x5  
  109  8:19  Drone x4  
  114  8:20  Drone x2  
  115  8:30  Zergling x6  
  115  8:31  Zergling x2  
  119  8:35  Hydralisk  
  119  8:40  Muscular Augments  
  121  8:42  Overlord x2  
  121  8:43  Overlord  
  121  8:52  Drone  
  122  8:57  Tunneling Claws  
  93  9:27  Hydralisk, Roach  
  93  9:28  Hydralisk x4, Roach x3  
  111  9:50  Drone  
  111  9:51  Drone x5  
  117  10:17  Spire  
  117  10:18  Drone  
  117  10:19  Drone x5  
  122  10:22  Roach x6  
  122  10:26  Ravager x4  
  138  10:30  Zerg Missile Weapons Level 2, Zerg Ground Armor Level 1  
  138  10:43  Extractor  
  138  10:45  Extractor  
  136  10:52  Roach x4  
  144  10:58  Hatchery  
  144  10:59  Overlord x3  
  143  11:19  Queen  
  143  11:21  Queen x2  
  111  11:55  Queen  
  113  12:05  Roach x3  
  113  12:06  Roach x2, Hydralisk x2  
  113  12:07  Hydralisk x5  
  94  12:38  Roach x4  
  94  12:41  Mutalisk x2  
  104  12:45  Zerg Melee Weapons Level 2  
  104  12:48  Drone x3  
  107  12:54  Drone x3  
  107  12:55  Drone x3  
  113  13:00  Mutalisk x2  
  117  13:08  Mutalisk x2  
  121  13:20  Drone x4  
  125  13:35  Mutalisk  
  125  13:36  Mutalisk x6  
  139  13:44  Mutalisk x2  
  143  13:52  Mutalisk  
  145  14:12  Ravager x3  
  145  14:13  Ravager  
  145  14:16  Roach x2  
  153  14:19  Roach  
  153  14:20  Zergling x12  
  153  14:21  Zergling x6  
  164  14:32  Extractor  
  164  14:34  Extractor  
  162  14:43  Spine Crawler  
  118  15:00  Mutalisk x5  
  118  15:03  Zergling x2  
  118  15:04  Zergling x10  
Show
View Real Time Build Order
Export as new Build Order

IA (élite) Zerg - Winner!

Build Orders: Pool First 

Get SALT Encoding   

  12  0:00  Drone  
  13  0:12  Overlord  
  13  0:17  Drone  
  14  0:30  Drone  
  15  0:38  Spawning Pool  
  15  0:40  Drone  
  15  0:44  Drone  
  15  0:49  Drone  
  17  0:53  Extractor  
  17  0:55  Drone  
  17  1:06  Drone  
  18  1:17  Drone  
  19  1:27  Queen, Zergling x2  
  19  1:29  Roach Warren  
  21  1:38  Overlord  
  21  1:49  Drone  
  22  1:59  Overlord  
  22  2:10  Roach  
  24  2:21  Roach  
  26  2:29  Hatchery  
  25  2:32  Drone  
  25  2:33  Roach  
  25  2:36  Roach  
  29  2:39  Zergling x2  
  30  2:45  Roach  
  32  2:54  Roach  
  34  3:04  Metabolic Boost  
  34  3:05  Overlord  
  34  3:08  Zergling x2  
  35  3:13  Zergling x2  
  35  3:16  Zergling x2  
  36  3:27  Zergling x2  
  37  3:37  Overlord, Extractor, Drone, Zergling x2  
  38  3:53  Lair  
  38  4:11  Drone  
  38  4:14  Drone  
  40  4:17  Drone  
  40  4:22  Drone  
  40  4:23  Drone  
  43  4:28  Drone  
  44  4:32  Drone  
  44  4:34  Drone  
  44  4:38  Drone  
  47  4:41  Drone  
  47  4:44  Drone  
  49  4:46  Drone  
  49  4:49  Drone  
  49  4:51  Drone  
  49  4:52  Hydralisk Den  
  51  4:54  Drone  
  51  4:59  Overlord  
  52  5:02  Drone  
  52  5:05  Drone  
  52  5:06  Drone  
  55  5:12  Drone x2  
  55  5:13  Drone  
  58  5:18  Overlord, Drone  
  59  5:26  Drone  
  60  5:29  Drone  
  61  5:36  Drone  
  61  5:39  Drone  
  61  5:41  Infestation Pit  
  62  5:43  Hydralisk  
  62  5:44  Overlord, Hydralisk  
  62  5:46  Hydralisk  
  68  5:50  Hydralisk  
  70  5:57  Extractor  
  70  5:58  Roach  
  70  6:01  Extractor  
  70  6:02  Drone  
  71  6:07  Evolution Chamber  
  71  6:08  Drone  
  71  6:12  Evolution Chamber, Drone  
  71  6:14  Hatchery  
  71  6:16  Drone x2  
  71  6:18  Drone  
  73  6:19  Infestor  
  73  6:24  Overlord  
  75  6:30  Drone  
  76  6:35  Drone  
  76  6:36  Zerg Missile Weapons Level 1  
  77  6:41  Drone  
  77  6:46  Zerg Ground Armor Level 1, Drone  
  79  6:47  Infestor  
  79  6:48  Roach, Drone  
  79  6:51  Zergling x2  
  78  6:58  Zergling x2  
  79  7:02  Drone  
  80  7:08  Drone  
  80  7:13  Drone  
  82  7:18  Ravager x2  
  82  7:19  Overlord, Roach, Drone  
  82  7:20  Roach  
  89  7:24  Roach  
  89  7:26  Roach  
  93  7:31  Drone  
  93  7:32  Overseer  
  93  7:34  Extractor, Drone  
  93  7:36  Drone  
  95  7:37  Extractor  
  95  7:41  Overlord  
  94  7:45  Drone  
  94  7:47  Drone  
  94  7:50  Glial Reconstitution, Hydralisk  
  98  7:51  Spine Crawler, Drone  
  98  7:52  Roach  
  98  7:53  Drone  
  98  7:56  Roach  
  105  7:58  Roach  
  105  8:03  Overlord  
  105  8:06  Pneumatized Carapace, Drone  
  105  8:07  Spine Crawler  
  105  8:09  Drone  
  106  8:14  Burrow, Drone  
  106  8:17  Drone  
  106  8:19  Drone  
  109  8:21  Queen  
  109  8:22  Overlord  
  109  8:23  Roach, Drone  
  109  8:25  Hydralisk  
  116  8:28  Drone  
  116  8:30  Drone  
  116  8:33  Zerg Missile Weapons Level 2  
  118  8:36  Drone  
  118  8:38  Infestor  
  118  8:40  Overlord  
  121  8:45  Hatchery  
  121  8:47  Drone  
  121  8:49  Drone  
  121  8:51  Drone  
  121  8:54  Hydralisk, Drone, Infestor  
  127  8:59  Overlord  
  127  9:00  Zergling x2  
  127  9:02  Zergling x2  
  104  9:10  Roach  
  104  9:11  Drone  
  104  9:13  Ravager, Roach  
  92  9:20  Roach  
  92  9:21  Roach  
  92  9:23  Hydralisk  
  98  9:25  Zerg Ground Armor Level 2  
  98  9:26  Infestor, Roach x2  
  98  9:27  Hydralisk  
  98  9:28  Roach, Drone  
  109  9:32  Roach, Drone  
  109  9:35  Roach  
  109  9:37  Ravager  
  115  9:42  Hydralisk  
  115  9:43  Pathogen Glands, Roach  
  119  9:46  Roach  
  119  9:52  Spore Crawler  
  120  9:53  Hydralisk, Roach  
  120  9:55  Spore Crawler  
  120  9:56  Overlord, Hydralisk  
  120  9:57  Hydralisk, Drone  
  120  9:58  Roach  
  120  9:59  Roach, Drone  
  134  10:00  Drone  
  134  10:04  Drone  
  134  10:05  Drone  
  136  10:08  Roach, Drone  
  139  10:15  Overlord, Roach  
  139  10:18  Roach  
  139  10:19  Roach  
  145  10:26  Roach x2  
  145  10:28  Spine Crawler  
  148  10:29  Spine Crawler  
  148  10:30  Drone x2  
  148  10:31  Hydralisk  
  148  10:33  Hydralisk  
  148  10:34  Overlord  
  153  10:36  Roach  
  153  10:38  Lurker Den  
  155  10:44  Queen  
  157  10:53  Overlord  
  157  11:01  Extractor  
  157  11:03  Drone  
  157  11:04  Extractor  
  157  11:05  Drone  
  157  11:07  Infestor x2  
  157  11:11  Spine Crawler  
  157  11:12  Overlord, Roach, Drone  
  157  11:14  Roach  
  157  11:15  Spore Crawler  
  157  11:16  Drone  
  157  11:18  Spine Crawler, Drone  
  156  11:21  Zergling x2, Roach x3, Drone, Spore Crawler, Hive, Infestor  
  156  11:23  Roach x2, Spore Crawler  
  156  11:24  Roach x3, Drone  
  153  11:26  Roach  
  153  11:27  Roach  
  153  11:30  Queen  
  153  11:32  Zergling x2, Roach  
  143  11:35  Roach x2, Hydralisk  
  143  11:38  Roach x2  
  131  11:40  Hydralisk  
  131  11:42  Hydralisk  
  131  11:44  Roach  
  131  11:46  Roach  
  119  11:48  Hydralisk  
  119  11:50  Roach  
  119  11:51  Roach  
  119  11:53  Roach  
  119  11:54  Hydralisk  
  119  11:56  Hydralisk  
  119  11:59  Roach  
  119  12:00  Roach  
  122  12:01  Zergling x2  
  122  12:05  Muscular Augments  
  122  12:07  Infestor x2  
  127  12:09  Roach  
  127  12:12  Infestor  
  129  12:15  Drone  
  129  12:16  Hatchery  
  129  12:17  Drone  
  129  12:19  Infestor  
  129  12:22  Drone  
  131  12:24  Zergling x2  
  125  12:33  Zergling x2  
  125  12:36  Zerg Missile Weapons Level 3, Ultralisk Cavern, Drone  
  123  12:37  Spine Crawler  
  123  12:39  Spine Crawler, Drone  
  123  12:41  Drone  
  123  12:44  Queen  
  123  12:47  Infestor  
  127  12:54  Infestor  
  129  13:06  Lair  
  129  13:10  Viper  
  132  13:13  Overseer  
  132  13:16  Evolution Chamber  
  132  13:17  Drone, Spore Crawler  
  132  13:18  Drone x2, Spore Crawler  
  132  13:19  Viper  
  135  13:20  Spine Crawler, Drone  
  135  13:24  Ultralisk  
  135  13:26  Ultralisk  
  147  13:30  Queen  
  147  13:34  Extractor  
  148  13:35  Drone  
  148  13:36  Ultralisk  
  155  13:51  Ultralisk  
  155  13:54  Extractor, Drone  
  161  14:00  Spine Crawler  
  161  14:01  Drone  
  161  14:03  Overseer  
  161  14:17  Ultralisk  
  161  14:18  Hatchery, Spore Crawler  
  161  14:19  Drone x2  
  161  14:21  Spine Crawler, Drone  
  167  14:24  Spore Crawler  
  167  14:26  Drone  
  167  14:27  Ultralisk  
  173  14:37  Hydralisk Den  
  173  14:38  Drone  
  173  14:40  Hydralisk  
  173  14:41  Hydralisk  
  173  14:45  Roach  
  173  14:49  Overlord, Roach  
  173  14:50  Roach, Hydralisk  
  173  14:51  Roach  
  181  14:53  Hydralisk  
  181  14:54  Zergling x2, Spire  
  181  14:56  Zergling x2, Roach  
  181  14:57  Roach x4, Drone  
  159  15:11  Roach  
  169  15:26  Spine Crawler  
Tags
 
League
Silver
Matchup
ZvZ
Race
Zerg
Add a new tag
Caveats
  • Supply blocks, unpowered buildings, or Contaminate may cause inaccurate times.
  • Supply counts are checked every 10 seconds.